 Dungeon Crawl Stone Soup version 0.31.0 (webtiles) character file.

Game seed: 17668748200153259991

611 Sobieck the Shooter (level 7, -1/50 HPs)
             Began as a Mummy Hunter on Jan 19, 2024.
             Slain by a two-headed ogre
             ... wielding a +0 giant club
              (18 damage)
             ... on level 5 of the Dungeon.
             The game lasted 00:09:15 (5052 turns).

Sobieck the Shooter (Mummy Hunter)                  Turns: 5052, Time: 00:09:16

Health: -1/50      AC:  5    Str: 14    XL:     7   Next: 20%
Magic:  7/7        EV: 12    Int:  8    God:
Gold:   243        SH:  0    Dex: 18    Spells: 6/6 levels left

rFire   x . .        a - +0 shortbow
rCold   + . .        (shield currently unavailable)
rNeg    + + +        c - +0 leather armour
rPois   ∞            (no helmet)
rElec   .            (no cloak)
rCorr   .            g - +0 pair of gloves
SInv    .            h - +0 pair of boots
Will    .....        (no amulet)
Stlth   ++           i - ring of flight
HPRegen 0.28/turn    (no ring)
MPRegen 0.10/turn

%: faith
@: flying
A: cold resistance 1, negative energy resistance 3, torment resistance 2, heat
vulnerability 1, in touch with death 1, no potions, faith
a: no special abilities


You were on level 5 of the Dungeon.
You visited 1 branch of the dungeon, and saw 5 of its levels.

You collected 243 gold pieces.

Inventory:

Hand Weapons
 a - a +0 shortbow (weapon)
Armour
 c - a +0 leather armour (worn)
 e - a scarf of harm
 g - a +0 pair of gloves (worn)
 h - a +0 pair of boots (worn)
Jewellery
 i - a ring of flight (left hand)
 j - a +5 ring of evasion
Wands
 E - a wand of charming (7)
Scrolls
 d - 3 scrolls of vulnerability
 f - a scroll of identify {unknown}


   Skills:
 - Level 2.0 Fighting
 + Level 7.3 Ranged Weapons
 - Level 1.5 Dodging
 - Level 0.7 Stealth


You had 6 spell levels left.
You didn't know any spells.
Your spell library contained the following spells:

 Spells                   Type           Power      Damage    Failure   Level
 Slow                     Hex            0%         N/A       50%         1
 Blink                    Tloc           0%         N/A       63%         2
 Call Imp                 Summ           0%         N/A       63%         2
 Lesser Beckoning         Tloc           0%         N/A       63%         2
 Momentum Strike          Conj/Tloc      0%         3d8       63%         2
 Confusing Touch          Hex            0%         N/A       86%         3
 Inner Flame              Hex/Fire       0%         N/A       86%         3
 Sigil of Binding         Hex            0%         N/A       86%         3
 Tukima's Dance           Hex            0%         N/A       86%         3
 Vampiric Draining        Necr           0%         2d6       86%         3
 Passage of Golubria      Tloc           0%         N/A       99%         4
 Irradiate                Conj/Alch      0%         3d11      100%        5
 Yara's Violent Unravell  Hex/Alch       0%         3d3       100%        5
 Summon Hydra             Summ           0%         N/A       100%        7
 Ignition                 Fire           0%         3d3       100%        8
 Sublimation of Blood     Necr           Unusable   N/A       N/A         2

Dungeon Overview and Level Annotations

Branches:
Dungeon (5/15)
 Temple: D:4-7

Altars:
Hepliaklqana
Nemelex Xobeh

Annotations:
D:5 1 runed translucent door, Crazy Yiuf, Dowan, Duvessa


Innate Abilities, Weirdness & Mutations

You are immune to poison.
Your flesh is cold resistant. (rC+)
You are immune to negative energy. (rN+++)
You are immune to unholy pain and torment.
You are vulnerable to heat. (rF-)
You are in touch with the powers of death.
You do not drink.
You have a special connection with the divine. (Faith)


Message History

The gnoll bouda prays to its god.
The gnoll bouda is healed somewhat.
You shoot an arrow.
The arrow completely misses the gnoll bouda.
The gnoll bouda misses you.
Unknown command.
You shoot an arrow.
The arrow closely misses the gnoll bouda.
The gnoll bouda misses you.
You shoot an arrow. The arrow hits the gnoll bouda!
The gnoll bouda is severely wounded.
The gnoll bouda hits you but does no damage. x2
You shoot an arrow. The arrow hits the gnoll bouda.
The gnoll bouda is almost dead.
The gnoll bouda hits you with a +0 club.
You shoot an arrow. The arrow hits the gnoll bouda!
You kill the gnoll bouda!
You now have 243 gold pieces (gained 11).
Things that are here:
a +0 club; a +0 leather armour Unknown command.
You start resting.
HP restored.
Unknown command.
Unknown command.
Unknown command.
You reach down and open the door.
A two-headed ogre comes into view. It is wielding two +0 giant clubs.
Found a stone staircase leading down.
Unknown command.
Danger!
You shoot an arrow.
The arrow hits the two-headed ogre but does no damage.
You shoot an arrow.
The arrow hits the two-headed ogre but does no damage.
You shoot an arrow. The arrow hits the two-headed ogre.
The two-headed ogre is lightly wounded.
The two-headed ogre barely misses you.
The two-headed ogre hits you with a +0 giant club.
You shoot an arrow. The arrow hits the two-headed ogre.
The two-headed ogre is lightly wounded.
You shoot an arrow. The arrow hits the two-headed ogre!
The two-headed ogre is moderately wounded.
The two-headed ogre closely misses you.
The two-headed ogre hits you with a +0 giant club!!
Ouch! That really hurt!
You shoot an arrow. The arrow hits the two-headed ogre.
The two-headed ogre is moderately wounded.
The two-headed ogre hits you with a +0 giant club!!
You die...

######.#####.........###..###
#.# ###......##>##...# #.#
#......#...#.#.#### #.#
#.#....#.8.#....... #.#
#.##...#..O#<...... #.#
#......##.##....... #.#
#####..##'#######..
#.###########..#...# ##.
#.........@O.....8.+ #.
#############..#...# ##.
#..##+#######.. #..# #......
#..# ###.##.# #..# #....#.#
#### ###.##.# #.....
#####.##..


You could see a two-headed ogre.

Vanquished Creatures
  A black bear (D:5)
  A bullfrog (D:5)
  A scorpion (D:5)
  A bombardier beetle (D:4)
  2 hounds
  A gnoll bouda (D:5)
  An iguana (D:5)
  Natasha (thrice) (D:2)
  4 gnolls (D:5)
  5 adders
  4 ribbon worms
  5 dart slugs
  4 orcs
  6 ball pythons
  5 bats
  4 endoplasms
  6 giant cockroaches
  4 goblins
  5 hobgoblins
  3 jackals (D:2)
  2 frilled lizards
  7 kobolds
  A rat (D:1)
76 creatures vanquished.

Notes
Turn   | Place    | Note
-------+----------+-------------------------------------------
     0 | D:1      | Sobieck the Mummy Hunter began the quest for the Orb.
     0 | D:1      | Reached XP level 1. HP: 16/16 MP: 1/1
     9 | D:1      | Noticed an ogre
    93 | D:1      | Reached XP level 2. HP: 22/22 MP: 2/2
   411 | D:1      | Reached skill level 4 in Ranged Weapons
   610 | D:2      | Reached XP level 3. HP: 27/27 MP: 3/3
   745 | D:2      | Reached XP level 4. HP: 33/33 MP: 4/4
  1381 | D:2      | Noticed Natasha
  1388 | D:2      | Killed Natasha
  1389 | D:2      | Reached skill level 5 in Ranged Weapons
  1530 | D:2      | Noticed Natasha
  1535 | D:2      | Killed Natasha
  1536 | D:2      | Reached XP level 5. HP: 38/38 MP: 5/5
  1542 | D:2      | Noticed Natasha
  1549 | D:2      | Killed Natasha
  3640 | D:5      | Entered Level 5 of the Dungeon
  3659 | D:4      | Reached skill level 6 in Ranged Weapons
  3787 | D:5      | Reached XP level 6. HP: 36/44 MP: 6/6
  4248 | D:5      | Found a runed translucent door.
  4249 | D:5      | Noticed Crazy Yiuf
  4303 | D:5      | Reached skill level 7 in Ranged Weapons
  4303 | D:5      | Reached XP level 7. HP: 48/50 MP: 7/7
  4399 | D:5      | Found a hazy altar of Hepliaklqana.
  4399 | D:5      | Noticed Duvessa
  4399 | D:5      | Noticed Dowan
  4602 | D:5      | Found a sparkling altar of Nemelex Xobeh.
  5039 | D:5      | Noticed a two-headed ogre
  5052 | D:5      | Slain by a two-headed ogre

Illustrated notes

Levels and vault maps discovered:
D:1:      evilmike_arrival_come_back, layout_loops_ring
D:2:      layout_basic, serial_bayou_lagoon_b, uniq_natasha
D:3:      layout_basic
D:4:      layout_basic, serial_forest, infiniplex_forest_clump_large,
          infiniplex_forest_clump_tiny, infiniplex_forest_lined_1,
          infiniplex_forest_end_2
D:5:      layout_loops_ring, lemuel_crystal_altar,
          nicolae_overflow_hidden_temple, grunt_ministairs_5,
          uniq_crazy_yiuf_cottage, uniq_duvessa

Skill      XL: |  1  2  3  4  5  6 |
---------------+-------------------+-----
Ranged Weapons | 4 5 6 7 |  7.3
Fighting       | |  2.0
Dodging        | |  1.5
Stealth        | |  0.7

Action                     |  1- 3 |  4- 6 |  7- 9 || total
---------------------------+-------+-------+-------++-------
   Fire: Shortbow          |    88 |   225 |    52 ||   365
    Use: Scroll            |       |    11 |     1 ||    12
 Armour: Leather armour    |    17 |    73 |    21 ||   111
  Dodge: Dodged            |    18 |    90 |    24 ||   132
